 Dungeon Crawl Stone Soup version 0.29.1-1-gd02db6906a (webtiles) character file.

Game seed: 18338674923256314499

28 xian the Trooper (level 3, -1/29 HPs)
             Began as a Demonspawn Abyssal Knight on Sept 20, 2022.
             Was a Believer of Lugonu.
             Slain by a goblin
             ... wielding a +0 club
             ... led by Robin
              (5 damage)
             ... on level 3 of the Dungeon.
             The game lasted 00:04:19 (1017 turns).

xian the Trooper (Demonspawn Abyssal Knight)        Turns: 1017, Time: 00:04:20

Health: -1/29      AC:  3    Str: 15    XL:     3   Next: 0%
Magic:  4/5        EV: 11    Int: 11    God:    Lugonu [**....]
Gold:   47         SH:  0    Dex: 13    Spells: 2/2 levels left

rFire   . . .      SeeInvis .   d - +2 spear (flame)
rCold   . . .      Faith    .   (no shield)
rNeg    . . .      Spirit   .   b - +0 leather armour
rPois   .          Reflect  .   (no helmet)
rElec   .          Harm     .   (no cloak)
rCorr   .          Rampage  .   (no gloves)
Will    .....                   (no boots)
Stlth   +.........              (no amulet)
HPRegen 0.09/turn               (no ring)
MPRegen 0.09/turn               (no ring)

@: no status effects
A: ignite blood 1
a: Renounce Religion, Depart the Abyss, Bend Space


You were on level 3 of the Dungeon.
You worshipped Lugonu.
Lugonu was pleased with you.
You visited 1 branch of the dungeon, and saw 3 of its levels.
You visited the Abyss 1 time.

You collected 47 gold pieces.

Inventory:

Hand Weapons
 d - a +2 spear of flaming (weapon)
Armour
 b - a +0 leather armour (worn)
Jewellery
 a - a ring of poison resistance
Scrolls
 e - a scroll of identify {unknown}
 h - a scroll of fear {unknown}
 i - a scroll of enchant armour {unknown}
 j - a scroll of amnesia {unknown}
Potions
 c - a potion of might {unknown}
 f - a potion of lignification {unknown}
 g - a potion of flight {unknown}
 k - a potion of curing {unknown}


   Skills:
 + Level 3.5 Fighting
 + Level 1.9(2.0) Axes
 + Level 0.8(1.4) Polearms
 + Level 1.8 Armour
 + Level 1.1 Dodging
 * Level 2.7 Invocations


You had 2 spell levels left.
You didn't know any spells.
Your spell library contained the following spells:

 Spells                   Type           Power      Damage    Failure   Level
 Beastly Appendage        Tmut           0%         N/A       41%         1
 Wereblood                Tmut           0%         N/A       54%         2
 Spider Form              Tmut/Pois      0%         N/A       78%         3


Dungeon Overview and Level Annotations

Branches:
Dungeon (2/15)

Altars:

Annotations:
D:3 Robin


Innate Abilities, Weirdness & Mutations

Your demonic aura sometimes causes spilled blood to erupt in flames.


Message History

2 goblins come into view.
The goblin shouts! x3
The goblin hits you but does no damage.
Robin roars a battlecry!
The goblins go into a battle-frenzy!
The goblin closely misses you.
Unknown command.
You barely miss the goblin. The goblin hits you with a +0 club.
A goblin comes into view. It is wielding a +0 dagger.
The goblin barely misses you.
You barely miss the goblin. The goblin barely misses you. x2
You closely miss the goblin. The goblin hits you but does no damage.
The goblin barely misses you.
You closely miss the goblin. The goblin hits you with a +0 club.
Robin throws the goblin at you! The goblin closely misses you.
Unknown command.
You hit the goblin. You burn the goblin.
You kill the goblin!
Lugonu accepts your kill. The goblin barely misses you.
The goblin closely misses you.
Unknown command.
You hit the goblin. You burn the goblin.
The goblin is heavily wounded.
The goblin barely misses you. x2; The goblin misses you.
Unknown command.
You puncture the goblin! You burn the goblin.
You kill the goblin!
Lugonu accepts your kill. The goblin hits you with a +0 dagger.
The goblin hits you with a +0 club.
You have reached level 3!
Your experience leads to an increase in your attributes!
Increase (S)trength, (I)ntelligence, or (D)exterity?
You feel stronger. x2
Okay, then.
Space bends violently around you!
You blink.
Unknown command.
Found a trident.
The goblin hits you with a +0 dagger.
* * * LOW HITPOINT WARNING * * *
The goblin attacks as you move away! The goblin hits you with a +0 club.
You die...

.......# ......# .....
.gg.######### gg#g.......#
#g#........####
##.#########.#............
.........gg........[......
##.......@##...........##
..#######.####.......(.#
...............#
#...............#
#.......#.#####.#
#.......#.# #.#
#.......#.# #.. ...)......
####


You could see 2 goblins.

Vanquished Creatures
  A worm (D:2)
  5 endoplasms (D:1)
  2 giant cockroaches (D:1)
  5 goblins
  A hobgoblin (D:1)
  A quokka (D:1)
  A ball python (D:1)
  2 bats (D:1)
  A frilled lizard (D:1)
  A kobold (D:1)
  2 rats
22 creatures vanquished.

Notes
Turn   | Place    | Note
-------+----------+-------------------------------------------
     0 | Abyss:1  | xian the Demonspawn Abyssal Knight began the quest for the
                  | Orb.
     0 | Abyss:1  | Reached XP level 1. HP: 18/18 MP: 2/2
     1 | D:1      | Escaped the Abyss
     1 | D:1      | Found a transporter.
     1 | D:1      | Found a transporter.
   141 | D:1      | Reached skill level 1 in Dodging
   168 | D:1      | Gained mutation: Your demonic aura sometimes causes spilled
                  | blood to erupt in flames. [demonic ancestry]
   168 | D:1      | Reached XP level 2. HP: 20/24 MP: 3/3
   993 | D:2      | You fall into a shaft and drop 1 floor!
  1002 | D:3      | Noticed Robin
  1014 | D:3      | Reached XP level 3. HP: 10/29 MP: 5/5
  1017 | D:3      | Slain by a goblin

Illustrated notes

Levels and vault maps discovered:
D:1:      spicycebolla_arrival_transporter_tutorial, layout_basic
D:2:      layout_rooms, minmay_misc_feat_hallway
D:3:      layout_basic, kennysheep_generic_room_6, uniq_robin

Skill      XL: |  1 |
---------------+----+-----
Dodging        | 1 |  1.1
Fighting       | |  3.5
Axes           | |  1.9
Polearms       | |  0.8
Armour         | |  1.8
Invocations    | |  2.7

Action                   || total
-------------------------++-------
Melee: Spear             ||    60
       Punch             ||     1
Invok: Bend Space        ||     1
Armor: Leather armour    ||    26
Dodge: Dodged            ||    40
